 Dungeon Crawl Stone Soup version 0.28-a0-1159-g27aa881441 (webtiles) character file.

Game seed: 6995456499284668349

3245 siradein the Blocker (level 9, -1/81 HPs)
             Began as a Minotaur Fighter on Dec 16, 2021.
             Was an Initiate of Yredelemnul.
             Killed from afar by a gargoyle (20 damage)
             ... with a stone arrow
             ... on level 9 of the Dungeon.
             The game lasted 00:30:01 (8498 turns).

siradein the Blocker (Minotaur Fighter)             Turns: 8498, Time: 00:30:03

Health: -1/81      AC: 11    Str: 26    XL:     9   Next: 67%
Magic:  12/12      EV: 10    Int: 11    God:    Yredelemnul [......]
Gold:   406        SH: 10    Dex: 12    Spells: 8/8 levels left

rFire   . . .      SeeInvis +   E - +3 falchion (freeze)
rCold   + . .      Faith    .   H - +0 kite shield
rNeg    . . .      Spirit   .   t - +6 leather armour "Cutin" {Drain Str+3 Int+6}
rPois   .          Reflect  .   (helmet restricted)
rElec   .          Harm     .   (no cloak)
rCorr   .          Rampage  .   (no gloves)
Will    .....                   s - +0 pair of boots
Stlth   +.........              (no amulet)
HPRegen 0.23/turn               r - ring of see invisible
MPRegen 0.13/turn               x - ring of protection from cold

@: no status effects
A: horns 2, retaliatory headbutt
a: Renounce Religion, Recall Undead Harvest


You were on level 9 of the Dungeon.
You worshipped Yredelemnul.
Yredelemnul was noncommittal.
You visited 1 branch of the dungeon, and saw 9 of its levels.

You collected 406 gold pieces.

Inventory:

Hand Weapons
 a - a +0 long sword
 E - a +3 falchion of freezing (weapon)
Missiles
 b - 8 poisoned darts (quivered)
 j - 5 curare-tipped darts
Armour
 s - a +0 pair of boots (worn)
 t - the +6 leather armour "Cutin" (worn) {Drain Str+3 Int+6}
   (You found it on level 4 of the Dungeon)

   Str:       It affects your strength (+3).
   Int:       It affects your intelligence (+6).
   Drain:     It drains your maximum health when unequipped.
 H - a +0 kite shield (worn)
Jewellery
 k - a +6 ring of intelligence
 l - an amulet of magic regeneration
 r - a ring of see invisible (left hand)
 x - a ring of protection from cold (right hand)
Wands
 w - a wand of digging (2)
Scrolls
 f - a scroll of enchant weapon
 i - 2 scrolls of fear
 m - a scroll of fog
 u - 4 scrolls of teleportation {unknown}
 v - a scroll of silence {unknown}
 y - 2 scrolls of amnesia {unknown}
 B - 4 scrolls of enchant armour {unknown}
 C - a scroll of torment {unknown}
Potions
 c - a potion of invisibility {unknown}
 d - 2 potions of might
 h - 5 potions of heal wounds
 n - a potion of brilliance {unknown}
 p - a potion of attraction {unknown}
 q - a potion of cancellation {unknown}
 z - a potion of ambrosia {unknown}
 A - a potion of haste {unknown}
 D - a potion of degeneration {unknown}
 F - 2 potions of magic {unknown}
 G - a potion of mutation {unknown}


   Skills:
 + Level 8.2 Fighting
 + Level 7.7 Long Blades
 + Level 8.2 Armour
 + Level 1.3 Dodging
 + Level 8.2 Shields
 + Level 5.6 Invocations


You had 8 spell levels left.
You didn't know any spells.
Your spell library contained the following spells:

 Spells                   Type           Power      Damage    Failure   Level
 Shock                    Conj/Air       0%         1d3       67%         1
 Swiftness                Air            0%         N/A       96%         3
 Airstrike                Air            0%         N/A       100%        4
 Alistair's Intoxication  Tmut/Pois      0%         N/A       100%        5
 Borgnjor's Vile Clutch   Necr/Erth      0%         N/A       100%        5
 Eringya's Noxious Bog    Tmut/Pois      0%         N/A       100%        6


Dungeon Overview and Level Annotations

Branches:
Dungeon (9/15)             Temple (0/1) D:4
   Lair: D:8-11         Orc: D:9-12

Altars:
Yredelemnul

Shops:
D:4 [   D:5 *   D:8 !

Portals:
Bailey: D:9


Innate Abilities, Weirdness & Mutations

You have a pair of horns on your head.
You reflexively headbutt those who attack you in melee.


Message History

Found a flagged portal.
The orc warrior shouts!
The orc shouts! x2
A gargoyle comes into view. It is wielding a +0 flail.
The orc moves out of view.
An orc comes into view. It is wielding a +0 club.
The orc shouts!
The gargoyle hurls a stone arrow at you.
The stone arrow hits you!!
There is a stone staircase leading up here.
You see here a scroll of noise.
The gargoyle hurls a stone arrow at you.
You block the stone arrow.
You barely miss the gargoyle. The gargoyle barely misses you.
You furiously retaliate!
You headbutt the gargoyle, but do no damage.
You hit the gargoyle but do no damage. The gargoyle hits you with a +0 flail!
You hit the gargoyle but do no damage. Your headbutt misses the gargoyle.
The gargoyle barely misses you. You furiously retaliate!
You headbutt the gargoyle, but do no damage.
You slash the gargoyle! You freeze the gargoyle.
The gargoyle is heavily damaged.
You block the gargoyle's attack.
You hit the gargoyle. You freeze the gargoyle.
The gargoyle is severely damaged.
The gargoyle hits you with a +0 flail!
You are too injured to fight recklessly!
You are too injured to fight recklessly!
You hit the gargoyle but do no damage.
You headbutt the gargoyle, but do no damage.
The gargoyle is severely damaged.
The gargoyle hurls a stone arrow at you.
The stone arrow hits you!!
* * * LOW HITPOINT WARNING * * *
You hit the gargoyle. You freeze the gargoyle.
You headbutt the gargoyle, but do no damage.
The gargoyle is severely damaged.
The gargoyle hurls a stone arrow at you.
The stone arrow hits you!!
You die...
Your body rises from the dead as a mindless zombie.

*,* ****+######,,** *,*
*....8..,,* **+******
*.......,,** ***** *,,,*,,,*
####o8.....8,*, ,,,,*
*,*,*,*,*###...o......,,*, ,,,,*
*,*,,,*,*#o.......(...,,,, ,,,,*
*,*******#o#...8...∩..,8*, ,,,,*
*,,,*,,,##9#..........,,*, ,,,,*
***,*,*,#@.#..........,,*,
,,,,****,,,*,*,#.##....8.....8,*,
,,,,,,,*,*****,#<##..........,,*,
,,,,**,+,*,,,*,+.####.....8..,,**
********,*,*,*,### #...#####***
*,,,*,,,* ***** *********


You could see an orc warrior, a gargoyle and an orc.

Vanquished Creatures
  A two-headed ogre (D:5)
  A wyvern (D:4)
  Eustachio (D:6)
  A water moccasin (D:8)
  A hornet zombie (D:8)
  3 black bears
  A necrophage (D:6)
  4 centaurs
  2 bullfrogs
  2 scorpions
  8 wights
  2 centaur zombies
  A hound (D:6)
  A jelly (D:6)
  A bullfrog skeleton (D:5)
  An orc priest (D:7)
  3 iguanas (D:5)
  A scorpion zombie (D:5)
  5 orc wizards
  Robin (D:2)
  2 adders
  8 gnolls
  A howler monkey skeleton (D:7)
  3 shadow imps
  A white imp (D:4)
  An ufetubus (D:5)
  2 worms
  2 dart slugs
  12 orcs
  4 endoplasms
  4 giant cockroaches
  15 goblins
  9 hobgoblins
  8 jackals
  5 kobolds
  3 quokkas
  4 ball pythons
  8 bats
  3 frilled lizards
  6 rats
142 creatures vanquished.

Vanquished Creatures (collateral kills)
  A hornet (D:7)
  A water moccasin skeleton (D:5)
  A hound (D:6)
  An adder (D:5)
4 creatures vanquished.

Vanquished Creatures (others)
  A scorpion zombie (D:7)
  An adder zombie (D:6)
  A gnoll zombie (D:4)
  A hobgoblin zombie (D:4)
  5 orc zombies
  4 plants (D:8)
13 creatures vanquished.

Grand Total: 159 creatures vanquished

Notes
Turn   | Place    | Note
-------+----------+-------------------------------------------
     0 | D:1      | siradein the Minotaur Fighter began the quest for the Orb.
     0 | D:1      | Reached XP level 1. HP: 19/19 MP: 0/0
   229 | D:1      | Reached XP level 2. HP: 19/25 MP: 1/1
   689 | D:1      | Reached XP level 3. HP: 32/33 MP: 2/2
   996 | D:2      | Found a faded altar of an unknown god.
  1040 | D:2      | Noticed Robin
  1235 | D:2      | Killed Robin
  2065 | D:3      | Reached XP level 4. HP: 41/41 MP: 3/3
  2631 | D:4      | Found a basalt altar of Yredelemnul.
  2639 | D:4      | Became a worshipper of Yredelemnul the Dark
  2776 | D:4      | Identified the +6 leather armour "Cutin" {Drain Str+3
                  | Int+6}
  2967 | D:4      | Found Erlang's Dragon-Slaying Spoils.
  3152 | D:4      | Reached * piety under Yredelemnul
  3306 | D:4      | Reached ** piety under Yredelemnul
  3308 | D:4      | Reached XP level 5. HP: 30/47 MP: 4/4
  3442 | D:4      | Found a staircase to the Ecumenical Temple.
  3552 | D:4      | Noticed a wyvern
  3561 | D:4      | Killed a wyvern
  3562 | D:4      | Reached skill level 5 in Fighting
  3562 | D:4      | Reached skill level 5 in Armour
  3562 | D:4      | Reached skill level 5 in Shields
  3562 | D:4      | Reached skill level 1 in Invocations
  3562 | D:4      | Reached XP level 6. HP: 56/56 MP: 4/6
  3827 | D:5      | Entered Level 5 of the Dungeon
  3972 | D:5      | Reached XP level 7. HP: 61/61 MP: 7/7
  4105 | D:5      | Noticed a two-headed ogre
  4112 | D:5      | Reached skill level 5 in Long Blades
  4115 | D:5      | Killed a two-headed ogre
  4116 | D:5      | Reached XP level 8. HP: 58/71 MP: 7/9
  4184 | D:5      | Found Socadityno's Assorted Antiques.
  4254 | D:5      | Reached *** piety under Yredelemnul
  4335 | D:5      | Reached **** piety under Yredelemnul
  5520 | D:6      | Noticed Eustachio
  5528 | D:6      | Killed Eustachio
  5686 | D:6      | Reached XP level 9. HP: 79/79 MP: 11/11
  6755 | D:7      | Reached skill level 5 in Invocations
  6758 | D:7      | Paralysed by a hornet for 3 turns
  8182 | D:8      | Found Zire's Distillery.
  8244 | D:8      | Reached skill level 1 in Dodging
  8479 | D:9      | Found a flagged portal.
  8479 | D:9      | Noticed a gargoyle
  8498 | D:9      | Killed from afar by a gargoyle

Illustrated notes

Levels and vault maps discovered:
D:1:      minmay_arrival_shattered_statue, layout_basic, palyth_stone_intersect,
          lemuel_old_faithful
D:2:      layout_loops_ring, shapermc_ecumenical_altar_hornbeckon,
          kennysheep_path_1, uniq_robin
D:3:      layout_loops_ring
D:4:      black_bear_nest_2, layout_basic, mainiacjoe_overflow_boulevard,
          minmay_temple_entry_crystal_x, grunt_ministairs_11,
          nicolae_shop_dragon_depot, chequers_serial_rivers_small_a,
          item_on_display_a
D:5:      layout_cave_pools, serial_shops, shop
D:6:      layout_layer_cave, uniq_eustachio
D:7:      layout_basic
D:8:      layout_loops_ring, nicolae_take_the_stairs,
          kennysheep_decorative_pillar, serial_bayou_pond_c
D:9:      layout_roguey, serial_shops, nicolae_shop_crystal, enter_bailey_6,
          hangedman_decor_points

Skill      XL: |  1  2  3  4  5  6  7  8  9 |
---------------+----------------------------+-----
Fighting       | 4 5 6 7 8 |  8.2
Shields        | 4 5 6 7 8 |  8.2
Armour         | 4 5 6 7 8 |  8.2
Long Blades    | 3 4 5 6 7 |  7.7
Invocations    | 1 2 3 4 5 |  5.6
Dodging        | 1 |  1.3

Action                   |  1- 3 |  4- 6 |  7- 9 || total
-------------------------+-------+-------+-------++-------
Melee: Long sword        |   107 |    66 |   140 ||   313
       Headbutt          |    18 |    15 |    56 ||    89
       Falchion          |       |       |    53 ||    53
Throw: Dart              |       |       |     1 ||     1
  Use: Scroll            |       |       |     7 ||     7
 Stab: Distracted        |       |     1 |     1 ||     2
Armor: Scale mail        |    52 |       |       ||    52
       Plate armour      |    12 |    20 |       ||    32
       Leather armour    |       |    25 |    91 ||   116
Dodge: Dodged            |    58 |    32 |   105 ||   195
Block: Buckler           |    25 |    19 |    43 ||    87
       Kite shield       |       |       |    10 ||    10

Table legend: (Time is in decaauts)
 A = Elapsed time spent in this place.
 B = Non-inter-level travel time spent in this place.
 C = Inter-level travel time spent in this place.
 D = Time resting spent in this place.
 E = Time spent auto-exploring this place.
 F = Levels seen in this place.
 G = Mean time per level.
                   A        B        C        D        E       F      G
               +--------+--------+--------+--------+--------+-----+--------+
         Total |   8572 |   8350 |    222 |    461 |   6697 |   9 |  952.4 |
       Dungeon |   8572 |   8350 |    222 |    461 |   6697 |   9 |  952.4 |
               +--------+--------+--------+--------+--------+-----+--------+

Top non-repeatable levels by time:
     D:6: 1562 daAuts
     D:7: 1318 daAuts
     D:4: 1274 daAuts
     D:1: 978 daAuts
     D:8: 917 daAuts
     D:5: 872 daAuts
     D:2: 854 daAuts
     D:3: 764 daAuts
     D:9: 30 daAuts
